General information
			
			
        
        - name: BNet
 
        - type: Ladder team game (AT/RT)
 
        - host: Battle.net
 
        - saver: TacoBellSwamp
 
        
map: SilverpineForest 
        - players: 6
 
        - length: 29:25
 
        - speed: Fast
 - version: 1.22 W3XP
 - replay type:  

 
» download(235 KB)
Players
        team 1 (loser) 
              
              
» 
cl0ud (
pink | 198 APM | 5822 actions | 29:21)
              
 5 Archmage 
 3 Summon Water Elemental
 2 Brilliance Aura
 5 Naga Sea Witch 
 2 Frost Arrows
 3 Forked Lightning
 
                » actions 
                
                | Assign group hotkey | 65 |  | 
| Basic commands | 237 |  | 
| Build / train | 103 |  | 
| ESC pressed | 3 |  | 
| Enter build submenu | 67 |  | 
| Enter hero's abilities submenu | 10 |  | 
| Give item / drop item | 1 |  | 
| Right click | 1683 |  | 
| Select / deselect | 1788 |  | 
| Select group hotkey | 1695 |  | 
| Use ability | 160 |  | 
                5822 total
 » units 
                
                | Peasant | 19 |  | 
| Rifleman | 10 |  | 
| Sorceress | 8 |  | 
| Mortar Team | 17 |  | 
| Goblin Shredder | 2 |  | 
                56 total
 » upgrades
                
                | Gunpowder | 2 |  | 
| Long Rifles | 1 |  | 
| Sorceress Training | 1 |  | 
| Lumber Harvesting | 1 |  | 
| Flare | 1 |  | 
| Armor | 1 |  | 
                7 total
 » buildings
                
                | Altar of Kings | 1 |  | 
| Farm | 14 |  | 
| Barracks | 1 |  | 
| Blacksmith | 1 |  | 
| Scout Tower | 5 |  | 
| Arcane Tower | 1 |  | 
| Keep | 1 |  | 
| Lumber Mill | 2 |  | 
| Arcane Vault | 2 |  | 
| Guard Tower | 3 |  | 
| Arcane Sanctum | 3 |  | 
| Workshop | 2 |  | 
| Town Hall | 1 |  | 
                37 total
 » build order
                00:10 Altar of Kings
00:25 Farm
00:43 Farm
00:45 Barracks
01:49 Blacksmith
02:52 Farm
02:55 Farm
02:58 Scout Tower
03:25 Arcane Tower
03:42 Keep
04:29 Lumber Mill
04:31 Scout Tower
04:34 Scout Tower
04:42 Lumber Mill
05:26 Arcane Vault
05:36 Guard Tower
05:41 Farm
05:45 Farm
06:23 Arcane Vault
07:04 Arcane Sanctum
07:08 Arcane Sanctum
07:16 Arcane Sanctum
07:46 Farm
09:09 Workshop
09:48 Town Hall
10:45 Workshop
11:41 Scout Tower
12:18 Guard Tower
12:19 Scout Tower
12:47 Farm
12:53 Guard Tower
14:07 Farm
14:08 Farm
14:27 Farm
15:04 Farm
15:06 Farm
15:41 Farm
» items
                
                | Scroll of Regeneration | 3 |  | 
| Scroll of Town Portal | 2 |  | 
| Lesser Clarity Potion | 1 |  | 
| Periapt of Vitality | 1 |  | 
| Potion of Lesser Invulnerability | 1 |  | 
                8 total
  
               
              
              
IWant2BeFree (
green | 31 APM | 914 actions | 29:24)
              
 4 Death Knight 
 2 Death Coil
 2 Unholy Aura
 
                » actions 
                
                | Assign group hotkey | 4 |  | 
| Basic commands | 1 |  | 
| Build / train | 71 |  | 
| Enter build submenu | 20 |  | 
| Enter hero's abilities submenu | 4 |  | 
| Remove unit from queue | 2 |  | 
| Right click | 479 |  | 
| Select / deselect | 285 |  | 
| Select group hotkey | 11 |  | 
| Use ability | 36 |  | 
                914 total
 » units 
                
                | Acolyte | 7 |  | 
| Ghoul | 4 |  | 
| Crypt Fiend | 8 |  | 
| Meatwagon | 3 |  | 
| Necromancer | 2 |  | 
| Abomination | 2 |  | 
| Frost Wyrm | 21 |  | 
                47 total
 » upgrades
                
                | Unholy Strength | 2 |  | 
| Unholy Armor | 1 |  | 
| Disease Cloud | 1 |  | 
| Creature Attack | 2 |  | 
| Freezing Breath | 1 |  | 
| Creature Carapace | 1 |  | 
                8 total
 » buildings
                
                | Ziggurat | 11 |  | 
| Graveyard | 1 |  | 
| Crypt | 1 |  | 
| Altar of Darkness | 1 |  | 
| Nerubian Tower | 7 |  | 
| Halls of the Dead | 1 |  | 
| Temple of the Damned | 1 |  | 
| Black Citadel | 1 |  | 
| Slaughterhouse | 1 |  | 
| Sacrificial Pit | 1 |  | 
| Boneyard | 2 |  | 
                28 total
 » build order
                00:34 Ziggurat
00:39 Graveyard
00:46 Crypt
01:16 Altar of Darkness
01:27 Nerubian Tower
02:01 Ziggurat
02:59 Ziggurat
04:51 Nerubian Tower
05:28 Nerubian Tower
05:31 Ziggurat
05:34 Ziggurat
06:34 Nerubian Tower
06:36 Nerubian Tower
06:47 Halls of the Dead
08:08 Ziggurat
09:13 Temple of the Damned
09:16 Black Citadel
09:23 Slaughterhouse
09:27 Ziggurat
09:31 Nerubian Tower
13:57 Sacrificial Pit
15:22 Boneyard
20:07 Boneyard
22:41 Ziggurat
22:43 Ziggurat
22:47 Ziggurat
22:48 Ziggurat
24:06 Nerubian Tower
 
               
              
              
IWant2Rock (
red | 48 APM | 695 actions | 14:27)
              
 4 Blademaster 
 2 Wind Walk
 2 Critical Strike
 1 Shadow Hunter 
 1 Healing Wave
 
                » actions 
                
                | Assign group hotkey | 15 |  | 
| Basic commands | 6 |  | 
| Build / train | 43 |  | 
| Enter build submenu | 15 |  | 
| Enter hero's abilities submenu | 5 |  | 
| Give item / drop item | 2 |  | 
| Right click | 341 |  | 
| Select / deselect | 142 |  | 
| Select group hotkey | 93 |  | 
| Use ability | 33 |  | 
                695 total
 » units 
                
                | Peon | 9 |  | 
| Grunt | 11 |  | 
| Raider | 3 |  | 
| Shaman | 2 |  | 
                25 total
 » upgrades
                
                | Pillage | 1 |  | 
| Berserker Strength | 1 |  | 
| Ensnare | 1 |  | 
| Shaman Training | 1 |  | 
                4 total
 » buildings
                
                | Altar of Storms | 1 |  | 
| Orc Burrow | 6 |  | 
| Barracks | 1 |  | 
| Voodoo Lounge | 1 |  | 
| Stronghold | 1 |  | 
| Beastiary | 1 |  | 
| Spirit Lodge | 1 |  | 
| Fortress | 1 |  | 
| War Mill | 1 |  | 
                14 total
 » build order
                00:23 Altar of Storms
00:36 Orc Burrow
00:56 Barracks
01:42 Orc Burrow
02:04 Voodoo Lounge
02:41 Orc Burrow
05:59 Stronghold
06:37 Orc Burrow
08:28 Beastiary
10:03 Spirit Lodge
11:21 Orc Burrow
12:28 Fortress
12:43 War Mill
13:52 Orc Burrow
» items
                
                | Scroll of Speed | 1 |  | 
| Healing Salve | 1 |  | 
| Potion of Mana | 1 |  | 
| Scroll of Town Portal | 1 |  | 
                4 total
  
               team 2 (winner) 
              
              
chipchopparn (
orange | 119 APM | 3499 actions | 29:25)
              
 4 Mountain King 
 2 Storm Bolt
 2 Bash
 3 Paladin 
 2 Holy Light
 1 Divine Shield
 2 Pandaren Brewmaster 
 1 Breath of Fire
 1 Drunken Haze
 
                » actions 
                
                | Assign group hotkey | 241 |  | 
| Basic commands | 5 |  | 
| Build / train | 130 |  | 
| Enter build submenu | 92 |  | 
| Enter hero's abilities submenu | 9 |  | 
| Give item / drop item | 2 |  | 
| Right click | 1656 |  | 
| Select / deselect | 365 |  | 
| Select group hotkey | 792 |  | 
| Use ability | 207 |  | 
                3499 total
 » units 
                
                | Peasant | 22 |  | 
| Priest | 1 |  | 
| Dragonhawk Rider | 5 |  | 
                28 total
 » upgrades
                
                | Masonry | 4 |  | 
| Magic Sentry | 1 |  | 
| Lumber Harvesting | 2 |  | 
| Priest Training | 1 |  | 
                8 total
 » buildings
                
                | Altar of Kings | 1 |  | 
| Lumber Mill | 1 |  | 
| Farm | 5 |  | 
| Scout Tower | 71 |  | 
| Arcane Tower | 5 |  | 
| Guard Tower | 44 |  | 
| Arcane Vault | 3 |  | 
| Keep | 1 |  | 
| Castle | 1 |  | 
| Town Hall | 2 |  | 
| Arcane Sanctum | 1 |  | 
| Gryphon Aviary | 1 |  | 
| Barracks | 1 |  | 
| Blacksmith | 1 |  | 
                138 total
 » build order
                00:06 Altar of Kings
00:22 Lumber Mill
00:30 Farm
00:44 Farm
01:20 Scout Tower
01:35 Farm
01:48 Scout Tower
01:51 Arcane Tower
01:52 Scout Tower
02:17 Arcane Tower
02:18 Arcane Tower
02:27 Scout Tower
02:49 Scout Tower
02:58 Guard Tower
02:58 Guard Tower
02:58 Guard Tower
02:59 Guard Tower
03:05 Scout Tower
03:12 Scout Tower
03:51 Guard Tower
03:53 Scout Tower
03:53 Arcane Vault
03:54 Guard Tower
04:22 Guard Tower
04:24 Scout Tower
04:25 Scout Tower
04:25 Scout Tower
04:26 Scout Tower
05:14 Guard Tower
05:28 Scout Tower
05:40 Keep
05:50 Scout Tower
05:51 Guard Tower
06:09 Guard Tower
06:12 Scout Tower
06:43 Guard Tower
06:44 Scout Tower
07:44 Guard Tower
07:46 Scout Tower
07:46 Scout Tower
08:12 Castle
08:17 Farm
08:18 Farm
08:27 Guard Tower
08:30 Scout Tower
08:46 Guard Tower
08:53 Town Hall
08:55 Scout Tower
08:56 Scout Tower
08:57 Scout Tower
08:58 Scout Tower
09:24 Guard Tower
09:27 Scout Tower
09:28 Scout Tower
09:46 Arcane Sanctum
09:49 Arcane Tower
10:21 Guard Tower
10:28 Scout Tower
10:28 Scout Tower
10:45 Guard Tower
11:04 Guard Tower
11:06 Scout Tower
11:22 Scout Tower
12:19 Guard Tower
12:21 Scout Tower
12:23 Scout Tower
12:28 Scout Tower
12:29 Scout Tower
12:35 Gryphon Aviary
12:38 Scout Tower
12:39 Scout Tower
12:41 Scout Tower
12:42 Scout Tower
13:13 Guard Tower
13:15 Guard Tower
13:18 Guard Tower
13:57 Guard Tower
14:01 Scout Tower
14:05 Guard Tower
14:06 Scout Tower
14:57 Guard Tower
14:58 Scout Tower
15:06 Scout Tower
15:37 Guard Tower
15:38 Scout Tower
15:41 Scout Tower
16:37 Scout Tower
17:35 Guard Tower
17:37 Scout Tower
17:38 Scout Tower
17:40 Guard Tower
17:41 Scout Tower
18:20 Guard Tower
18:21 Scout Tower
19:57 Guard Tower
20:57 Guard Tower
20:57 Scout Tower
21:45 Guard Tower
21:47 Scout Tower
22:05 Arcane Vault
22:11 Scout Tower
22:14 Scout Tower
22:14 Scout Tower
22:17 Scout Tower
22:29 Scout Tower
23:07 Guard Tower
23:08 Scout Tower
23:11 Scout Tower
23:38 Scout Tower
23:39 Scout Tower
23:41 Scout Tower
23:42 Guard Tower
23:43 Guard Tower
23:48 Scout Tower
23:48 Scout Tower
24:10 Guard Tower
24:11 Scout Tower
24:12 Scout Tower
24:27 Scout Tower
24:40 Guard Tower
24:41 Scout Tower
24:54 Scout Tower
24:56 Guard Tower
24:57 Scout Tower
25:00 Scout Tower
25:39 Scout Tower
25:40 Guard Tower
25:48 Arcane Vault
25:50 Scout Tower
25:59 Barracks
26:00 Blacksmith
26:45 Guard Tower
26:47 Town Hall
» items
                
                | Boots of Speed | 2 |  | 
| Staff of Teleportation | 2 |  | 
| Scroll of Regeneration | 2 |  | 
| Lesser Clarity Potion | 5 |  | 
| Scroll of Town Portal | 4 |  | 
| Staff of Sanctuary | 1 |  | 
| Talisman of Evasion | 1 |  | 
| Potion of Mana | 5 |  | 
| Potion of Healing | 1 |  | 
| Orb of Lightning | 1 |  | 
                24 total
  
               
              
              
IrritableBowelS (
yellow | 96 APM | 2829 actions | 29:25)
              
 5 Paladin 
 3 Holy Light
 1 Divine Shield
 1 Devotion Aura
 4 Mountain King 
 2 Storm Bolt
 2 Bash
 2 Archmage 
 1 Brilliance Aura
 1 Blizzard
 
                » actions 
                
                | Assign group hotkey | 8 |  | 
| Basic commands | 67 |  | 
| Build / train | 117 |  | 
| ESC pressed | 2 |  | 
| Enter build submenu | 58 |  | 
| Enter hero's abilities submenu | 12 |  | 
| Give item / drop item | 20 |  | 
| Right click | 1291 |  | 
| Select / deselect | 295 |  | 
| Select group hotkey | 728 |  | 
| Use ability | 231 |  | 
                2829 total
 » units 
                
                | Peasant | 24 |  | 
| Goblin Zeppelin | 2 |  | 
| Dragonhawk Rider | 3 |  | 
                29 total
 » upgrades
                
                | Lumber Harvesting | 2 |  | 
| Masonry | 3 |  | 
| Magic Sentry | 1 |  | 
| Armor | 1 |  | 
| Swords | 1 |  | 
| Animal War Training | 1 |  | 
| Sorceress Training | 1 |  | 
| Priest Training | 1 |  | 
                11 total
 » buildings
                
                | Altar of Kings | 1 |  | 
| Lumber Mill | 2 |  | 
| Farm | 9 |  | 
| Scout Tower | 98 |  | 
| Arcane Tower | 2 |  | 
| Guard Tower | 35 |  | 
| Town Hall | 1 |  | 
| Arcane Vault | 2 |  | 
| Keep | 1 |  | 
| Castle | 1 |  | 
| Arcane Sanctum | 1 |  | 
| Barracks | 1 |  | 
| Gryphon Aviary | 1 |  | 
| Blacksmith | 1 |  | 
| Workshop | 1 |  | 
                157 total
 » build order
                00:07 Altar of Kings
00:20 Lumber Mill
00:22 Farm
00:58 Scout Tower
01:27 Arcane Tower
01:28 Farm
01:42 Scout Tower
01:59 Scout Tower
02:15 Arcane Tower
02:19 Scout Tower
02:33 Guard Tower
02:48 Guard Tower
02:50 Scout Tower
04:12 Guard Tower
04:14 Scout Tower
04:15 Scout Tower
04:20 Scout Tower
05:11 Guard Tower
05:14 Guard Tower
05:18 Scout Tower
05:19 Scout Tower
05:25 Town Hall
05:37 Scout Tower
05:38 Scout Tower
05:39 Scout Tower
05:41 Scout Tower
05:42 Scout Tower
05:44 Scout Tower
05:45 Scout Tower
05:45 Scout Tower
05:47 Scout Tower
05:48 Scout Tower
05:49 Scout Tower
05:49 Scout Tower
06:44 Guard Tower
06:47 Scout Tower
06:54 Guard Tower
07:00 Lumber Mill
07:13 Guard Tower
07:14 Guard Tower
07:14 Guard Tower
07:28 Guard Tower
07:47 Scout Tower
08:14 Arcane Vault
08:55 Arcane Vault
09:01 Guard Tower
09:07 Scout Tower
09:48 Keep
09:50 Guard Tower
09:50 Guard Tower
10:13 Scout Tower
10:14 Scout Tower
10:15 Scout Tower
10:16 Scout Tower
10:17 Scout Tower
10:18 Scout Tower
10:21 Scout Tower
10:30 Guard Tower
10:32 Scout Tower
10:34 Scout Tower
10:36 Scout Tower
10:37 Scout Tower
10:45 Farm
10:45 Farm
10:46 Farm
10:47 Farm
10:48 Farm
10:49 Farm
10:49 Farm
10:56 Guard Tower
11:08 Guard Tower
12:20 Guard Tower
12:32 Scout Tower
12:32 Scout Tower
12:33 Scout Tower
12:34 Scout Tower
12:37 Scout Tower
12:37 Scout Tower
12:38 Scout Tower
12:39 Scout Tower
12:44 Scout Tower
12:44 Scout Tower
12:46 Scout Tower
12:46 Scout Tower
12:47 Scout Tower
12:48 Scout Tower
12:49 Scout Tower
12:50 Scout Tower
12:51 Scout Tower
12:52 Scout Tower
12:53 Scout Tower
12:53 Scout Tower
12:54 Scout Tower
12:55 Scout Tower
12:56 Scout Tower
12:58 Scout Tower
12:58 Scout Tower
12:59 Scout Tower
13:00 Scout Tower
13:00 Scout Tower
13:03 Scout Tower
13:04 Scout Tower
13:05 Scout Tower
13:06 Scout Tower
13:10 Guard Tower
13:47 Guard Tower
15:08 Guard Tower
16:33 Guard Tower
16:39 Castle
16:42 Guard Tower
16:48 Guard Tower
17:38 Guard Tower
17:58 Scout Tower
17:59 Scout Tower
18:00 Scout Tower
18:01 Scout Tower
18:02 Scout Tower
18:03 Scout Tower
18:03 Scout Tower
18:07 Guard Tower
18:09 Arcane Sanctum
18:11 Scout Tower
18:12 Scout Tower
18:43 Guard Tower
19:45 Guard Tower
19:48 Guard Tower
20:10 Barracks
20:42 Scout Tower
20:42 Scout Tower
20:43 Scout Tower
20:44 Scout Tower
20:45 Scout Tower
20:45 Scout Tower
20:46 Scout Tower
20:47 Scout Tower
20:49 Scout Tower
20:49 Scout Tower
20:50 Scout Tower
20:51 Scout Tower
20:51 Scout Tower
20:52 Scout Tower
20:52 Scout Tower
20:53 Scout Tower
21:17 Gryphon Aviary
21:21 Blacksmith
21:23 Guard Tower
22:01 Scout Tower
22:02 Scout Tower
22:03 Scout Tower
22:07 Scout Tower
22:08 Scout Tower
23:35 Guard Tower
25:03 Guard Tower
25:05 Guard Tower
25:09 Guard Tower
25:16 Guard Tower
27:20 Workshop
» items
                
                | Staff of Teleportation | 3 |  | 
| Boots of Speed | 2 |  | 
| Healing Salve | 1 |  | 
| Lesser Clarity Potion | 6 |  | 
| Claws of Attack +12 | 1 |  | 
| Potion of Greater Healing | 1 |  | 
| Helm of Valor | 1 |  | 
| Ring of Regeneration | 1 |  | 
| Scroll of Regeneration | 1 |  | 
| Orb of Lightning | 3 |  | 
| Staff of Sanctuary | 2 |  | 
| Pendant of Mana | 1 |  | 
| Potion of Mana | 1 |  | 
                24 total
  
               
              
              
TacoBellSwamp (
purple | 106 APM | 3112 actions | 29:25)
              
 7 Blademaster 
 3 Wind Walk
 3 Critical Strike
 1 Bladestorm
 
                » actions 
                
                | Assign group hotkey | 9 |  | 
| Basic commands | 1 |  | 
| Build / train | 77 |  | 
| Enter build submenu | 68 |  | 
| Enter hero's abilities submenu | 8 |  | 
| Give item / drop item | 9 |  | 
| Remove unit from queue | 1 |  | 
| Right click | 2118 |  | 
| Select / deselect | 298 |  | 
| Select group hotkey | 304 |  | 
| Use ability | 219 |  | 
                3112 total
 » units 
                
                | Peon | 21 |  | 
| Troll Batrider | 20 |  | 
| Troll Witch Doctor | 2 |  | 
                43 total
 » upgrades
                
                | Reinforced Defenses | 1 |  | 
| Witch Doctor Training | 2 |  | 
| Liquid Fire | 1 |  | 
                4 total
 » buildings
                
                | Altar of Storms | 1 |  | 
| Orc Burrow | 4 |  | 
| War Mill | 2 |  | 
| Voodoo Lounge | 3 |  | 
| Watch Tower | 50 |  | 
| Stronghold | 1 |  | 
| Beastiary | 2 |  | 
| Fortress | 1 |  | 
| Spirit Lodge | 1 |  | 
| Great Hall | 2 |  | 
                67 total
 » build order
                00:09 Altar of Storms
00:21 Orc Burrow
00:44 War Mill
00:45 War Mill
01:15 Voodoo Lounge
02:01 Watch Tower
02:34 Watch Tower
02:59 Watch Tower
03:23 Stronghold
04:16 Watch Tower
04:17 Watch Tower
05:46 Orc Burrow
05:48 Beastiary
05:51 Watch Tower
05:52 Watch Tower
05:54 Fortress
06:24 Watch Tower
06:25 Watch Tower
06:47 Watch Tower
06:58 Beastiary
07:19 Orc Burrow
07:36 Watch Tower
08:03 Watch Tower
08:41 Watch Tower
09:47 Watch Tower
09:51 Watch Tower
10:16 Spirit Lodge
10:21 Orc Burrow
10:26 Watch Tower
10:39 Watch Tower
11:04 Watch Tower
12:17 Great Hall
12:20 Watch Tower
12:20 Watch Tower
12:42 Watch Tower
13:59 Watch Tower
14:01 Watch Tower
16:32 Watch Tower
18:14 Watch Tower
18:15 Watch Tower
18:15 Watch Tower
18:17 Watch Tower
18:19 Watch Tower
18:22 Watch Tower
18:25 Watch Tower
19:05 Voodoo Lounge
19:08 Voodoo Lounge
19:14 Watch Tower
19:38 Watch Tower
19:39 Watch Tower
19:40 Watch Tower
19:45 Watch Tower
19:46 Watch Tower
19:59 Great Hall
22:03 Watch Tower
22:04 Watch Tower
22:49 Watch Tower
23:32 Watch Tower
23:32 Watch Tower
26:12 Watch Tower
26:14 Watch Tower
26:16 Watch Tower
26:17 Watch Tower
26:18 Watch Tower
26:21 Watch Tower
26:23 Watch Tower
26:23 Watch Tower
» items
                
                | Healing Salve | 3 |  | 
| Lesser Clarity Potion | 10 |  | 
| Boots of Speed | 1 |  | 
| Staff of Teleportation | 1 |  | 
| Orb of Lightning | 1 |  | 
                16 total
  
                Chat log
          (00:16 / All) chipchopparn: pastor fahlberg badade aldrig i genesarets sjö ;)
(00:27 / All) TacoBellSwamp: Elle Soderberg
(00:28 / All) IWant2Rock: ja
(00:38 / All) IWant2Rock: `scheisse
(01:32 / All) TacoBellSwamp: i call this strat The Tinker Stinker
(12:16 / All) cl0ud: noobs
(12:27 / All) IrritableBowelS: u rember that.
(14:27 / All) chipchopparn: why u so bad u can't even fight the good fight all into the night
(14:31 / All) TacoBellSwamp: I Want 2 Quit
(20:24 / All) chipchopparn: Hi yeah is this the OSNA(ornithological societies of North america)? Yeah i just spotted two grand Birdnoobs on silverpine
(20:28 / All) chipchopparn: Off route 63 yeah
(22:20 / All) TacoBellSwamp: u have No hope to survive....take a chance?
(22:57 / All) TacoBellSwamp: Grub Grub
(23:07 / All) TacoBellSwamp: thanks for da nacos
(23:17 / All) TacoBellSwamp: why u move?
(23:50 / All) TacoBellSwamp: Thanks for da Spo!
(23:56 / All) TacoBellSwamp: Eckspo
(27:20 / All) TacoBellSwamp: U jus tlosea wyrm to a tower...
(28:22 / All) chipchopparn: d umbshits